 Dungeon Crawl Stone Soup version 0.28-a0-1395-g4f6bc678fa (webtiles) character file.

Game seed: 44803102843344465

53 eustatius the Grave Robber (level 3, 0/28 HPs)
             Began as a Deep Dwarf Necromancer on Jan 5, 2022.
             Slain by an adder (1 damage)
             ... on level 2 of the Dungeon.
             The game lasted 00:09:55 (1822 turns).

eustatius the Grave Robber (Deep Dwarf Necromancer) Turns: 1822, Time: 00:09:56

Health: 0/28       AC:  2    Str: 13    XL:     3   Next: 62%
Magic:  2/5        EV: 12    Int: 15    God:
Gold:   37         SH:  0    Dex: 13    Spells: 0/5 levels left

rFire   . . .      SeeInvis .   g - +3 dagger (venom)
rCold   . . .      Faith    .   (no shield)
rNeg    . . .      Spirit   .   a - +0 robe
rPois   .          Reflect  .   (no helmet)
rElec   .          Harm     .   (no cloak)
rCorr   .          Rampage  .   (no gloves)
Will    .....                   (no boots)
Stlth   ++........              (no amulet)
HPRegen 0.00/turn               (no ring)
MPRegen 0.09/turn               (no ring)

@: no status effects
A: damage resistance, heal wounds, sense surroundings 1, no regeneration
a: Heal Wounds


You were on level 2 of the Dungeon.
You visited 1 branch of the dungeon, and saw 2 of its levels.

You collected 37 gold pieces.

Inventory:

Hand Weapons
 b - a +2 short sword of speed
 g - a +3 dagger of venom (weapon)
Missiles
 c - 43 stones
Armour
 a - a +0 robe (worn)
Jewellery
 j - an amulet of guardian spirit
Scrolls
 d - a scroll of identify {unknown}
Potions
 e - a potion of lignification {unknown}
 f - a potion of berserk rage {unknown}
 h - a potion of heal wounds {unknown}
 i - a potion of flight {unknown}


   Skills:
 - Level 2.1 Dodging
 - Level 2.4 Stealth
 - Level 1.7 Spellcasting
 + Level 5.9 Necromancy


You couldn't memorise any spells.
You knew the following spells:

 Your Spells              Type           Power      Damage    Failure   Level
a - Pain                  Necr           76%        1d7       1%          1
b - Animate Skeleton      Necr           38%        N/A       1%          1
c - Vampiric Draining     Necr           19%        2d7       6%          3

Your spell library contained the following spells:

 Spells                   Type           Power      Damage    Failure   Level
 Animate Dead             Necr           9%         N/A       21%         4
 Agony                    Necr           19%        N/A       50%         5


Dungeon Overview and Level Annotations

Branches:
Dungeon (2/15)

Altars:


Innate Abilities, Weirdness & Mutations

You are resistant to damage.
You can heal yourself by infusing magical energy.
You passively map a small area around you.
You do not regenerate.


Message History

Confirm with . or Enter, or press ? or * to list all spells.
The spell is quite dangerous to miscast (6% risk of failure)!
Continue anyway?
Aiming: Vampiric Draining (quite dangerous; 6% risk of failure)
Press: ? - help, Shift-Dir - straight line, f/p - goblin
Aim: a goblin, wielding a +0 dagger You draw life force from the goblin!
You kill the goblin!
You feel life coursing into your body. The adder closely misses you.
There is a stone staircase leading down here.
The adder closely misses you. The adder bites you.
* * * LOW HITPOINT WARNING * * *
Casting: Vampiric Draining (quite dangerous; 6% risk of failure)
Confirm with . or Enter, or press ? or * to list all spells.
The spell is quite dangerous to miscast (6% risk of failure)!
Continue anyway?
Aiming: Vampiric Draining (quite dangerous; 6% risk of failure)
Press: ? - help, Shift-Dir - straight line, f - adder
Aim: an adder You draw life force from the adder.
You feel life coursing into your body. The adder barely misses you. x2
The adder barely misses you. The adder bites you.
* * * LOW HITPOINT WARNING * * *
You are poisoned.
The adder poisons you!
The hobgoblin shouts!
A rat comes into view.
You are no longer poisoned.
The adder bites you.
You are poisoned.
The adder poisons you! The hobgoblin misses you. The adder bites you.
A rat comes into view.
The adder closely misses you. The adder barely misses you.
You are no longer poisoned.
The adder bites you.
You die...

#. * , #r# .# .., * , #......#*
...##. .., ,, ......#** ..... ..
* * #.....# * #...# * # #. .....
#...# . , #.######### ... #...#
*.# #.........# #.# *
#####r..###.#*
#.....###.###.#####...........##.
......# #.##....@Sg.r............
##....###........##..............
#.........#.....######.).#####.
######.##.#.###.# #...# * *
#......# #.# ###...## * ,,*
####†#>###.# #......# * ,*
#...<...# #.##.#.# , *
#..†....####.##.#... ,
#####.#.........#.....


You could see an adder, a hobgoblin and 2 rats.

Vanquished Creatures
  A gnoll (D:1)
  A worm (D:2)
  2 dart slugs
  2 endoplasms (D:1)
  A giant cockroach (D:2)
  5 goblins
  5 hobgoblins
  A quokka (D:1)
  4 ball pythons (D:1)
  3 bats
  2 frilled lizards
  2 kobolds (D:1)
  6 rats (D:1)
35 creatures vanquished.

Notes
Turn   | Place    | Note
-------+----------+-------------------------------------------
     0 | D:1      | eustatius the Deep Dwarf Necromancer began the quest for
                  | the Orb.
     0 | D:1      | Reached XP level 1. HP: 15/15 MP: 3/3
   291 | D:1      | Reached XP level 2. HP: 19/22 MP: 1/4
   303 | D:1      | Reached skill level 5 in Necromancy
   921 | D:1      | Learned a level 1 spell: Animate Skeleton
  1081 | D:1      | Found a faded altar of an unknown god.
  1273 | D:1      | Reached XP level 3. HP: 20/28 MP: 3/5
  1575 | D:1      | Learned a level 3 spell: Vampiric Draining
  1800 | D:2      | HP: 1/28 [adder (3)]
  1809 | D:2      | HP: 1/28 [adder (1)]
  1822 | D:2      | Slain by an adder

Illustrated notes

Levels and vault maps discovered:
D:1:      enne_arrival_octagon_isle, layout_loops_ring,
          ebering_ecumenical_altar_sacrificial, hangedman_decor_growths,
          st_stairs_4
D:2:      layout_loops_cross

Skill      XL: |  1  2 |
---------------+-------+-----
Necromancy     | 5 |  5.9
Dodging        | |  2.1
Stealth        | |  2.4
Spellcasting   | |  1.7

Action                   || total
-------------------------++-------
Melee: Short sword       ||    29
       Dagger            ||    10
 Cast: Pain              ||    34
       Vampiric Draining ||     6
 Abil: Heal Wounds       ||     1
Armor: Robe              ||    18
Dodge: Dodged            ||    53

Table legend: (Time is in decaauts)
 A = Elapsed time spent in this place.
 B = Non-inter-level travel time spent in this place.
 C = Inter-level travel time spent in this place.
 D = Time resting spent in this place.
 E = Time spent auto-exploring this place.
 F = Levels seen in this place.
 G = Mean time per level.
                   A        B        C        D        E       F      G
               +--------+--------+--------+--------+--------+-----+--------+
         Total |   1813 |   1747 |     66 |    568 |    420 |   2 |  906.5 |
       Dungeon |   1813 |   1747 |     66 |    568 |    420 |   2 |  906.5 |
               +--------+--------+--------+--------+--------+-----+--------+

Top non-repeatable levels by time:
     D:1: 1577 daAuts
     D:2: 235 daAuts
